AoeStats
← san.llove108

Arabia

508940799Analyzed
1v1 RM · 8d ago on Sep 24, 2026· 55m 29s· 2 players
Game mode
Random Map
Map size
Tiny (2 player)
Population
200
Speed
Normal
Resources
Standard
Victory
Conquest
Starting age
Dark Age
Ending age
Imperial Age
RankedLock teamsTeams togetherTeam positionsShared explorationLock speedFull tech treeHidden civsTurbo modeCheats
Victory
Defeat
🇺🇾 Byzantines · Uruguay
875
+16
🇫🇷 Bohemians · France
880
-16
san.llove108
4:44 Loom
10:09 Feudal Age
11:45 Horse Collar
18:41 Wheelbarrow
19:58 Gold Mining
23:52 Castle Age
22:49 Fletching
23:34 Padded Archer Armor
24:13 Crossbowman
25:31 Bodkin Arrow
26:26 Pikeman
27:27 Squires
30:29 Scale Barding Armor
33:01 Hand Cart
42:01 Imperial Age
40:15 Husbandry
40:29 Forging
39:46 Elite Skirmisher
42:43 Bracer
Seb
7:55 Loom
11:01 Feudal Age
11:29 Man-at-Arms
14:21 Forging
17:02 Scale Mail Armor
20:36 Horse Collar
20:43 Double-Bit Axe
26:05 Castle Age
24:45 Fletching
24:55 Padded Archer Armor
26:10 Elite Skirmisher
27:40 Heavy Plow
28:39 Leather Archer Armor
28:20 Bodkin Arrow
31:18 Chemistry
30:39 Ballistics
31:32 Pikeman
38:56 Wheelbarrow
40:08 Bow Saw
41:09 Chain Mail Armor
42:58 Hand Cart
45:43 Imperial Age
44:24 Hand Cart
49:01 Siege Engineers
52:04 Bracer
Connection lost

Rejoining the realm…

Still unreachable

The connection could not be restored.

Session expired

The server has moved on; the page needs a fresh start.